 Dungeon Crawl Stone Soup version 0.31-a0-233-g139696dc86 (webtiles) character file.

Game seed: 15532462098550723737

90053 NinjaNoafa the Peltast (level 15, -1/143 HPs)
             Began as an Armataur Berserker on June 28, 2023.
             Was the Champion of Trog.
             Slain by a thrashing horror (9 damage)
             ... on level 3 of the Abyss on July 9, 2023.
             The game lasted 01:08:29 (24715 turns).

NinjaNoafa the Peltast (Armataur Berserker)        Turns: 24715, Time: 01:08:30

Health: -1/143     AC: 24    Str: 24    XL:     15   Next: 51%
Magic:  0/13       EV:  4    Int: 10    God:    Trog [******]
Gold:   1236       SH: 19    Dex: 13    Spells: 14/14 levels left

rFire   + . .        a - +3 flail (drain)
rCold   + . .        R - +0 tower shield
rNeg    . . .        W - +3 plate armour "Musseid" {rF+ rC+}
rPois   .            Z - +1 helmet {SInv}
rElec   .            K - +0 cloak
rCorr   .            Q - +0 pair of gloves
SInv    +            (no barding)
Will    +++..        n - amulet of guardian spirit Stlth
                     y - +4 ring of protection
HPRegen 1.43/turn    U - +4 ring of slaying
MPRegen 0.13/turn

%: guardian spirit, roll
@: mighty, strong-willed, on berserk cooldown, regenerating, slowed, invisible,
very slow
A: large, rugged brown scales 3, deformed body, armoured tail, roll, long
tongue, awkward tongue, [low MP 1], ([teleportitis 1])
a: Renounce Religion, Berserk, Trog's Hand, Brothers in Arms


You were on level 3 of the Abyss.
You worshipped Trog.
Trog was exalted by your worship.
You visited 4 branches of the dungeon, and saw 22 of its levels.
You visited the Abyss 1 time.
You also visited: Sewer.

You collected 2575 gold pieces.
You spent 1339 gold pieces at shops.

Inventory:

Hand Weapons
 a - a +3 flail of draining (weapon)
 b - a +0 morningstar of holy wrath
 c - the +8 whip "Snakebite" {venom, curare, rPois}
   (Trog gifted it to you on level 3 of the Abyss)

   rPois:     It protects you from poison.
Missiles
 f - 2 throwing nets
 x - 2 atropa-tipped darts
 J - 9 curare-tipped darts
 O - 5 javelins
 S - 11 boomerangs (quivered)
 T - 2 boomerangs of dispersal
Armour
 K - a +0 cloak (worn)
 Q - a +0 pair of gloves (worn)
 R - a +0 tower shield (worn)
 W - the +3 plate armour "Musseid" (worn) {rF+ rC+}
   (You bought it in a shop on level 10 of the Dungeon)

   rF:        It protects you from fire.
   rC:        It protects you from cold.
 Z - a +1 helmet of see invisible (worn)
Jewellery
 e - a ring of poison resistance
 n - an amulet of guardian spirit (around neck)
 y - a +4 ring of protection (left hand)
 P - the ring "Weymox" {rCorr Str+4 SInv}
   (You found it on level 5 of the Lair of Beasts)

   [ring of see invisible]

   Str:       It affects your strength (+4).
   SInv:      It lets you see invisible.
   rCorr:     It protects you from acid and corrosion.
 U - a +4 ring of slaying (right hand)
Wands
 k - a wand of polymorph (14)
 l - a wand of paralysis (9)
 m - a wand of mindburst (14)
 B - a wand of flame (16)
 C - a wand of iceblast (13)
 Y - a wand of digging (2)
Scrolls
 h - 5 scrolls of enchant armour {unknown}
 i - 5 scrolls of teleportation
 j - 2 scrolls of blinking
 r - a scroll of poison {unknown}
 t - a scroll of vulnerability
 u - 5 scrolls of fog
 z - 4 scrolls of fear {unknown}
 E - 3 scrolls of torment {unknown}
 F - a scroll of immolation
 L - 3 scrolls of summoning {unknown}
 N - a scroll of enchant weapon
 V - 2 scrolls of silence
 X - 2 scrolls of revelation
Potions
 g - 2 potions of mutation
 o - 2 potions of haste {unknown}
 p - 6 potions of enlightenment {unknown}
 s - 3 potions of berserk rage
 v - a potion of might
 w - 5 potions of cancellation
 A - 5 potions of lignification {unknown}
 D - 2 potions of degeneration {unknown}
 H - 3 potions of attraction
 I - 4 potions of curing
 M - a potion of invisibility
Miscellaneous
 d - a phantom mirror


   Skills:
 + Level 12.7 Fighting
 - Level 14.0 Maces & Flails
 - Level 6.0 Throwing
 - Level 10.0 Armour
 - Level 1.5 Dodging
 + Level 16.6 Shields
 - Level 8.0 Evocations


You had 14 spell levels left.
You didn't know any spells.
Your spell library was empty.

Dungeon Overview and Level Annotations

Branches:
Dungeon (14/15) Zot: 26229  Temple (1/1) D:5 Zot: 5998    Lair (5/5) D:8 Zot: 22682
 Shoals (0/4) Lair:3       Spider (0/4) Lair:3        Slime (0/5) Lair:5
    Orc (2/2) D:10 Zot: 10322     Elf (0/3) Orc:2        Vaults (0/5) D:13
  Sewer (visited)

Altars:
Ashenzari
Cheibriados
Dithmenos
Elyvilon
Fedhas
Gozag
Hepliaklqana
Kikubaaqudgha
Makhleb
Nemelex Xobeh
Okawaru
Qazlal
Ru
Sif Muna
Trog
Uskayaw
Vehumet
Wu Jian
Xom
Yredelemnul
Zin
The Shining One
Jiyva

Shops:
D:3 *   D:9 *   D:10 [   Orc:2 ([[*

Portals:
Trove: D:11 (give +6 demon blade)

Annotations:
D:11 exclusion: ice statue
Lair:1 2 transporters, innerfire43's ghost, journeyman DsMo
Abyss:3 1 runed translucent door


Innate Abilities, Weirdness & Mutations

You are completely covered in rugged brown scales. (AC +3, +7% HP)
Armour fits poorly on your strangely shaped body.
You have a long armoured tail.
You roll when moving toward enemies. (Rampage)
Your long tongue fully drains potion bottles. (2x potion effects)
Your tongue gives you trouble enunciating. (1.5x scroll delay)
[Your magical capacity is low. (-10% MP)]
[((You are occasionally teleported next to monsters.))]


Message History

* * * LOW HITPOINT WARNING * * *
You are engulfed in flames.
You resist.
* * * LOW HITPOINT WARNING * * *
You take 5 damage, and have 9/143 hp.
Unknown command.
Unknown command.
You bludgeon the apocalypse crab!!
You can read scrolls again.
The thrashing horror roars!
You block the apocalypse crab's attack. x2
The apocalypse crab breathes chaos at you.
The blast of chaos engulfs you!
You barely resist.
Unknown command.
Unknown command.
You bludgeon the apocalypse crab!!
You are engulfed in seething chaos.
You feel mightier all of a sudden.
The thrashing horror is engulfed in seething chaos.
You block the thrashing horror's attack.
The thrashing horror barely misses you.
The thrashing horror is engulfed in seething chaos.
The thrashing horror suddenly seems more agile.
The thrashing horror tramples you but does no damage.
You block the thrashing horror's attack.
The apocalypse crab is engulfed in seething chaos.
The apocalypse crab bites you but does no damage.
The apocalypse crab claws you.
* * * LOW HITPOINT WARNING * * *
You feel your power leaking away.
The thrashing horror is engulfed in seething chaos.
You take 3 damage, and have 6/143 hp.
You now have 0/13 mp.
Unknown command.
Your skin crawls.
You feel strong-willed.
You are engulfed in seething chaos.
The thrashing horror is engulfed in seething chaos.
The thrashing horror suddenly seems more resistant.
The thrashing horror is engulfed in seething chaos.
The thrashing horror roars!
The thrashing horror seems to speed up.
The thrashing horror tramples you!
You die...

#. ..
###
#...⌠#
#.w t#
#X#w#
#...#
##.h.#
φ
#X##§##
##@t§§#
####§§#
..§§§
...#.
###...
. ##


You could see an apocalypse crab and a thrashing horror (fast, strong, agile,
resistant, unable to see you).

Vanquished Creatures
  A tentacled starspawn (Abyss:3)
  A fire dragon (D:14)
  An entropy weaver (Abyss:3)
  Josephine (D:12)
  Erolcha (D:12)
  3 hydras (Lair:4)
  A rakshasa (Abyss:3)
  An ogre mage (Orc:2)
  4 centaur warriors
  4 catoblepae
  8 two-headed ogres
  A hell hog (Abyss:3)
  A deep troll shaman (Lair:5)
  8 death yaks
  6 boulder beetles
  3 orc high priests (Orc:2)
  A thrashing horror (Abyss:3)
  Nergalle (Lair:3)
  A wretched star (Abyss:3)
  2 skysharks
  A wizard (Abyss:3)
  5 orc knights
  A necromancer (D:13)
  Pikel (D:8)
  A lindwurm (Lair:5)
  10 ugly things (D:14)
  4 cyclopes
  A salamander (shapeshifter) (D:14)
  4 orc sorcerers (Orc:2)
  4 manticores
  17 elephants
  An apocalypse crab (Abyss:3)
  3 merfolk sirens (Lair:3)
  4 black mambas
  3 gargoyles
  An unseen horror (D:10)
  Psyche (D:9)
  A kobold demonologist (D:11)
  2 rime drakes
  7 cane toads
  7 komodo dragons
  A merfolk (Lair:3)
  An ancient zyme (Abyss:3)
  5 trolls
  2 polar bears (Lair:5)
  2 raiju (Abyss:3)
  A hornet (D:7)
  24 blink frogs
  A culicivora (Lair:3)
  3 jumping spiders (Lair:3)
  2 large abominations (Abyss:3)
  A shadow (D:10)
  9 slime creatures
  54 yaks
  7 wraiths
  5 wyverns
  3 small abominations (Abyss:3)
  3 basilisks
  A vampire mosquito (D:11)
  5 redbacks (Lair:3)
  3 acid dragons
  13 water moccasins
  2 ice beasts
  17 orc warriors
  7 black bears
  9 ogres
  5 boggarts (D:14)
  12 wolves
  5 centaurs
  A lemure (D:8)
  A kobold brigand (D:7)
  17 bullfrogs
  A gnoll sergeant (D:9)
  A scorpion (D:6)
  13 wights
  2 electric eels
  A howler monkey (D:9)
  4 hounds
  15 jellies
  2 gnoll boudas
  10 orc priests
  5 iguanas
  Terence (D:3)
  Jessica (D:3)
  3 sleepcaps
  17 orc wizards
  16 gnolls
  8 adders
  5 shadow imps
  A white imp (D:6)
  2 ufetubi
  A worm (D:3)
  A dart slug (D:2)
  50 orcs
  6 endoplasms
  15 giant cockroaches
  6 goblins
  12 hobgoblins
  9 jackals
  22 quokkas
  9 ball pythons
  9 bats
  8 frilled lizards
  11 kobolds
  6 rats
624 creatures vanquished.

Vanquished Creatures (collateral kills)
  An orc knight (Orc:2)
  An orc sorcerer (Orc:2)
  An unseen horror (D:11)
  A troll (D:11)
  2 vampire mosquitoes (D:11)
  An orc warrior (Orc:2)
  A gnoll sergeant (D:11)
  4 gnolls (D:11)
12 creatures vanquished.

Vanquished Creatures (others)
  A lurking horror (Abyss:3)
  6 starspawn tentacles (Abyss:3)
7 creatures vanquished.

Grand Total: 643 creatures vanquished

Notes
Turn   | Place    | Note
-------+----------+-------------------------------------------
     0 | D:1      | NinjaNoafa the Armataur Berserker began the quest for the
                  | Orb.
     0 | D:1      | Reached XP level 1. HP: 19/19 MP: 1/1
   157 | D:1      | Reached XP level 2. HP: 26/26 MP: 2/2
   157 | D:1      | Upgraded the game from 0.31-a0-204-g7da18cac08 to
                  | 0.31-a0-208-gdb31a4691d
   325 | D:1      | Upgraded the game from 0.31-a0-208-gdb31a4691d to
                  | 0.31-a0-210-gccc998df9b
   328 | D:1      | Reached ** piety under Trog
   413 | D:1      | Reached XP level 3. HP: 32/32 MP: 3/3
  1044 | D:2      | Found a faded altar of an unknown god.
  1269 | D:2      | Reached XP level 4. HP: 27/39 MP: 4/4
  1894 | D:3      | Noticed Terence
  1900 | D:3      | Noticed Jessica
  1913 | D:3      | Killed Terence
  1919 | D:3      | Killed Jessica
  1920 | D:3      | Reached skill level 5 in Maces & Flails
  2037 | D:3      | Reached XP level 5. HP: 45/47 MP: 5/5
  2372 | D:3      | Reached *** piety under Trog
  2388 | D:3      | Found an opulent altar of Gozag.
  2392 | D:3      | Found Gozag's Platinum Reserve.
  2945 | D:4      | Found a sacrificial altar of Ru.
  3201 | D:4      | Found a snail-covered altar of Cheibriados.
  3431 | D:5      | Entered Level 5 of the Dungeon
  3511 | D:5      | Found a glowing drain.
  3711 | Sewer    | Entered a sewer
  3814 | Sewer    | Upgraded the game from 0.31-a0-210-gccc998df9b to
                  | 0.31-a0-219-g8d62b2e7bb
  3962 | Sewer    | Reached **** piety under Trog
  4006 | Sewer    | Reached XP level 6. HP: 16/53 MP: 6/6
  4391 | D:5      | Upgraded the game from 0.31-a0-219-g8d62b2e7bb to
                  | 0.31-a0-221-gbddc013574
  4744 | D:5      | Found a staircase to the Ecumenical Temple.
  4753 | Temple   | Entered the Ecumenical Temple
  4825 | D:5      | Reached XP level 7. HP: 30/59 MP: 4/7
  5303 | D:5      | Found an ornate altar of the Wu Jian Council.
  5571 | D:6      | Reached skill level 1 in Evocations
  5766 | D:6      | Reached ***** piety under Trog
  5776 | D:6      | Reached XP level 8. HP: 34/67 MP: 5/8
  5937 | D:6      | Found a bloodstained altar of Trog.
  6087 | D:6      | Found a blossoming altar of Fedhas.
  6137 | D:6      | Reached skill level 5 in Armour
  6171 | D:6      | Reached skill level 5 in Fighting
  6417 | D:7      | Noticed a hornet
  6419 | D:7      | Paralysed by a hornet for 2 turns
  6425 | D:7      | Paralysed by a hornet for 1 turns
  6426 | D:7      | Killed a hornet
  6433 | D:7      | Noticed a two-headed ogre
  6614 | D:7      | Reached XP level 9. HP: 68/73 MP: 7/9
  6707 | D:7      | Killed a two-headed ogre
  6708 | D:7      | Reached skill level 10 in Maces & Flails
  6738 | D:7      | Found a burning altar of Makhleb.
  7443 | D:7      | Noticed a blizzard demon
  7446 | D:7      | Noticed a hellwing
  7626 | D:8      | Reached XP level 10. HP: 54/86 MP: 8/10
  7630 | D:8      | Upgraded the game from 0.31-a0-221-gbddc013574 to
                  | 0.31-a0-232-gb1c03b2570
  7971 | D:8      | Noticed Pikel
  7988 | D:8      | Killed Pikel
  8024 | D:8      | Found a broken altar of Ashenzari.
  8024 | D:8      | Noticed a two-headed ogre
  8027 | D:8      | Killed a two-headed ogre
  8052 | D:8      | Noticed a death yak
  8055 | D:8      | Noticed a death yak
  8056 | D:8      | Found a staircase to the Lair.
  8056 | D:8      | Noticed a death yak
  8326 | D:7      | Killed a death yak
  8444 | D:7      | Killed a death yak
  8802 | D:8      | Killed a death yak
  8803 | D:8      | Reached skill level 2 in Shields
  9187 | D:9      | Found a sparkling altar of Nemelex Xobeh.
  9286 | D:9      | Found a runed translucent door.
  9287 | D:9      | Noticed a centaur warrior
  9288 | D:9      | Noticed an orc knight
  9292 | D:9      | Reached XP level 11. HP: 94/94 MP: 11/11
  9300 | D:9      | Noticed Psyche
  9317 | D:9      | Killed Psyche
  9331 | D:9      | Reached skill level 3 in Shields
  9405 | D:9      | Found a hazy altar of Hepliaklqana.
  9435 | D:9      | Received a gift from Trog
  9598 | D:9      | Found Coefosas's Assorted Antiques.
  9605 | D:9      | Bought a scroll labelled BEASKI INUKIXUF for 25 gold pieces
  9605 | D:9      | Bought a scroll of identify for 50 gold pieces
  9786 | D:9      | Reached skill level 4 in Shields
 10106 | D:10     | Entered Level 10 of the Dungeon
 10228 | D:10     | Reached skill level 5 in Shields
 10366 | D:10     | Found a staircase to the Orcish Mines.
 10499 | D:10     | Found Vysair's Antique Armour Boutique.
 10540 | D:10     | Reached skill level 6 in Shields
 10690 | D:10     | You fall into a shaft and drop 1 floor!
 10731 | D:11     | Found a portal to a secret trove of treasure.
 10749 | D:11     | Reached skill level 7 in Shields
 10819 | D:11     | Reached skill level 8 in Shields
 11155 | D:11     | Noticed a two-headed ogre
 11162 | D:11     | Killed a two-headed ogre
 11163 | D:11     | Reached XP level 12. HP: 90/108 MP: 9/12
 11271 | D:11     | Reached skill level 9 in Shields
 11358 | D:11     | Noticed a two-headed ogre
 11371 | D:11     | Killed a two-headed ogre
 11747 | D:12     | Noticed a boulder beetle
 11836 | Lair:1   | Entered Level 1 of the Lair of Beasts
 11868 | Lair:1   | Reached skill level 10 in Shields
 12457 | Lair:1   | Found a transporter.
 12680 | Lair:1   | Found a transporter.
 12680 | Lair:1   | Noticed innerfire43's ghost (journeyman DsMo)
 12730 | Lair:1   | Reached skill level 11 in Shields
 13092 | D:9      | Killed a centaur warrior
 13184 | D:10     | Bought a bloodstained plate armour for 812 gold pieces
 13184 | D:10     | Identified the +3 plate armour "Musseid" {rF+ rC+} (You
                  | bought it in a shop on level 10 of the Dungeon)
 13736 | Lair:2   | Reached skill level 12 in Shields
 13744 | Lair:2   | Reached skill level 10 in Fighting
 13798 | Lair:2   | Reached skill level 1 in Throwing
 14198 | Lair:3   | Found a hole to the Spider Nest.
 14214 | Lair:3   | Received a gift from Trog
 14279 | Lair:3   | Reached XP level 13. HP: 56/120 MP: 8/13
 14728 | Lair:3   | Found a staircase to the Shoals.
 14766 | Lair:3   | Reached skill level 5 in Evocations
 15030 | Lair:3   | Noticed Nergalle
 15044 | Lair:3   | Killed Nergalle
 17334 | Lair:5   | Entered Level 5 of the Lair of Beasts
 18311 | Lair:5   | Received a gift from Trog
 18342 | Lair:5   | Found a broken altar of Ashenzari.
 18434 | Lair:5   | Upgraded the game from 0.31-a0-232-gb1c03b2570 to
                  | 0.31-a0-233-g139696dc86
 18658 | Lair:5   | Found a staircase to the Slime Pits.
 18666 | Lair:5   | Reached XP level 14. HP: 133/134 MP: 14/14
 18670 | Lair:5   | Found a viscous altar of Jiyva.
 18997 | Lair:5   | Reached skill level 13 in Shields
 19385 | Lair:5   | Identified the ring "Weymox" {rCorr Str+4 SInv}
 19866 | D:12     | Noticed Erolcha
 19873 | D:12     | Killed Erolcha
 19943 | D:12     | Reached skill level 10 in Armour
 19988 | D:12     | Reached skill level 14 in Shields
 20275 | D:12     | Noticed Josephine
 20299 | D:12     | Killed Josephine
 20523 | Orc:1    | Entered Level 1 of the Orcish Mines
 20561 | Orc:2    | Entered Level 2 of the Orcish Mines
 20561 | Orc:2    | Found a staircase to the Elven Halls.
 20632 | Orc:1    | Received a gift from Trog
 20896 | Orc:2    | Reached skill level 15 in Shields
 20969 | Orc:2    | Found Kiopsum's Weapon Shoppe.
 21266 | Orc:2    | Reached skill level 16 in Shields
 21274 | Orc:2    | Found Etaxtamu's Armour Shoppe.
 21275 | Orc:2    | Found Raucw's Assorted Antiques.
 21280 | Orc:2    | Found Xolauj's Armour Shop.
 21519 | Orc:2    | Bought a +1 helmet of see invisible for 264 gold pieces
 21538 | Orc:2    | Bought a scroll of identify for 60 gold pieces
 21923 | Orc:2    | Reached ****** piety under Trog
 22148 | Orc:2    | Bought a +0 morningstar of holy wrath for 128 gold pieces
 22510 | D:13     | Found a gate to the Vaults.
 22672 | D:13     | Found an iron altar of Okawaru.
 22683 | D:13     | Reached XP level 15. HP: 120/141 MP: 13/15
 23183 | D:13     | Reached skill level 5 in Throwing
 24282 | Abyss:3  | Found a runed translucent door.
 24282 | Abyss:3  | Cast into level 3 of the Abyss (a wizard)
 24286 | Abyss:3  | Found a corrupted altar of Lugonu.
 24563 | Abyss:3  | Received a gift from Trog
 24563 | Abyss:3  | Found the +8 whip "Snakebite" {venom, curare, rPois}
 24651 | Abyss:3  | Noticed a lich
 24654 | Abyss:3  | Found a corrupted altar of Lugonu.
 24671 | Abyss:3  | Noticed a tentacled starspawn
 24693 | Abyss:3  | HP: 3/143 [thrashing horror (5)]
 24711 | Abyss:3  | Killed a tentacled starspawn
 24714 | Abyss:3  | HP: 6/143 [apocalypse crab (4)]
 24715 | Abyss:3  | Slain by a thrashing horror

Illustrated notes

Levels and vault maps discovered:
D:1:      onia_arrival_pentagram, layout_basic, amcnicky_mini_pool_small,
          kennysheep_minor_cross, serial_bayou_pond_b,
          nicolae_figureground_sparkle
D:2:      layout_basic, chequers_ecumenical_altar_simple,
          hangedman_decor_peaks_small, st_stairs_2, grunt_ministairs_5
D:3:      layout_loops_ring, nicolae_gozag_zags_fifth_avenue, uniq_jessica,
          uniq_terence
D:4:      layout_gridville, mainiacjoe_overflow_six_doors_small,
          mainiacjoe_overflow_alcove_2, serial_bayou_pond_d, minmay_crystal_room
D:5:      nicolae_cairo_tiling_large, layout_loops_corners,
          pdpol_wu_jian_five_deadly_venoms, minmay_temple_entry_steel_oval,
          gup_sewer_entry_pipe, st_stairs_14
D:6:      layout_loops_ring, trog_ov_bears_minmay, fedhas_altar_3
D:7:      layout_cave_pools, makhleb_altar_promises_db, minivault_14,
          minivault_22
D:8:      layout_basic, mainiacjoe_overflow_alcove_1, dpeg_lair_monsters,
          uniq_pikel
D:9:      layout_basic, nemelex_xobeh_ov_fountains_minmay,
          nicolae_hepliaklqana_hazy_memory, serial_shops, shop, wad_hexagon,
          uniq_psyche
D:10:     layout_roguey, orc_0_dummy, serial_shops,
          nicolae_shop_temple_entry_statues_fountains, glass_columns_c,
          palyth_stone_intersect
D:11:     lemuel_ice_statue, layout_cave_pools, enter_trove_6
D:12:     layout_roguey, uniq_josephine, uniq_erolcha
D:13:     nzn_motion_control, layout_loops_corners, david_vaults_1,
          okawaru_ov_weapons_minmay
D:14:     layout_stronghold, nicolae_elevator_lobby_asterisk, drop_trap,
          kennysheep_treasure_room, uniq_frances
Temple:   nicolae_temple_no_exploring_needed
Lair:1:   layout_gridlike, gammafunk_ghost_hive
Lair:2:   layout_regular_city, beast_lair_carwin_2, serial_bayou_shore_a
Lair:3:   layout_concentric_octagons, elwin_shoals_entry_stream,
          nicolae_spider_entry_tight_spaces, minivault_11, minmay_holes,
          uniq_nergalle
Lair:4:   layout_small_grid, nicolae_quartered_pool_little
Lair:5:   grunt_lair_end_beastmaster, layout_small_grid,
          minmay_slime_entry_jelly_boxes, basic_altar,
          grunt_forest_stairs_basic, serial_bayou_shore_b
Orc:1:    layout_diamond_mine
Orc:2:    st_orc_elflike, layout_diamond_mine, mines2_lemuel
Abyss:3:  base: D:5, dshaligram_kb_abyss_rune_zappy_water_cross,
          evilmike_abyss_exit_12, hangedman_abyss_shoalhut,
          nicolae_abyss_rune_left_handed, nicolae_abyss_rune_left_handed

Skill      XL: |  1  2  3  4  5  6  7  8  9 10 11 12 13 14 15 |
---------------+----------------------------------------------+-----
Maces & Flails | 3 4 5 6 7 8 9 12 14 | 14.0
Fighting       | 3 5 8 10 12 | 12.7
Armour         | 3 5 6 7 10 | 10.0
Evocations     | 2 3 4 6 8 |  8.0
Shields        | 2 8 12 16 | 16.6
Throwing       | 2 4 6 |  6.0
Dodging        | |  1.5

Action                     |  1- 3 |  4- 6 |  7- 9 | 10-12 | 13-15 || total
---------------------------+-------+-------+-------+-------+-------++-------
  Melee: Mace              |   141 |   124 |       |       |       ||   265
         Tailslap          |     9 |    43 |    55 |   135 |   292 ||   534
         Punch             |     3 |     3 |     1 |       |       ||     7
         Unarmed           |       |    19 |       |       |       ||    19
         Whip              |       |   145 |    67 |    63 |    43 ||   318
         Flail             |       |       |   203 |   537 |  1223 ||  1963
         Dire flail        |       |       |    70 |    54 |       ||   124
         Morningstar       |       |       |       |       |    27 ||    27
  Throw: Dart              |       |       |       |       |     3 ||     3
         Boomerang         |       |       |       |       |     6 ||     6
 Invoke: Trog's Hand       |       |       |       |     1 |     2 ||     3
         Brothers in Arms  |       |       |       |     1 |     1 ||     2
         Berserk           |       |       |       |     1 |       ||     1
  Evoke: Wand              |       |     4 |    11 |     4 |    16 ||    35
    Use: Scroll            |       |     4 |     3 |    10 |    13 ||    30
         Potion            |       |     1 |     3 |     3 |    14 ||    21
   Stab: Petrified         |       |       |       |       |     7 ||     7
         Invisible         |       |       |       |       |     1 ||     1
 Armour: Animal skin       |    71 |       |       |       |       ||    71
         Ring mail         |     8 |     5 |       |       |       ||    13
         Scale mail        |       |   116 |   167 |    16 |       ||   299
         Skin              |       |     1 |       |       |       ||     1
         Chain mail        |       |       |       |    43 |       ||    43
         Plate armour      |       |       |       |   212 |   666 ||   878
  Dodge: Dodged            |   111 |   131 |   127 |    67 |   105 ||   541
  Block: Tower shield      |       |       |       |   424 |  1192 ||  1616

Table legend: (Time is in decaauts)
 A = Elapsed time spent in this place.
 B = Non-inter-level travel time spent in this place.
 C = Inter-level travel time spent in this place.
 D = Time resting spent in this place.
 E = Time spent auto-exploring this place.
 F = Levels seen in this place.
 G = Mean time per level.
                   A        B        C        D        E       F      G
               +--------+--------+--------+--------+--------+-----+--------+
         Total |  24433 |  22149 |   2284 |   3831 |  12496 |  24 | 1018.0 |
       Dungeon |  14353 |  12963 |   1390 |   1372 |   8289 |  14 | 1025.2 |
        Temple |      1 |      0 |      1 |      0 |      0 |   1 |    1.0 |
          Lair |   7317 |   6643 |    674 |   1873 |   3207 |   5 | 1463.4 |
  Orcish Mines |   1677 |   1459 |    218 |    272 |    718 |   2 |  838.5 |
         Abyss |    421 |    421 |      0 |    116 |      0 |   1 |  421.0 |
         Sewer |    661 |    661 |      0 |    197 |    282 |   1 |  661.0 |
               +--------+--------+--------+--------+--------+-----+--------+

Top non-repeatable levels by time:
  Lair:4: 1913 daAuts
  Lair:3: 1816 daAuts
     D:8: 1527 daAuts
  Lair:5: 1366 daAuts
     D:5: 1361 daAuts
  Lair:1: 1318 daAuts
     D:6: 1283 daAuts
     D:9: 1251 daAuts
    D:13: 1169 daAuts
     D:2: 1087 daAuts
   Orc:2: 1079 daAuts
    D:10: 1016 daAuts
  Lair:2: 902 daAuts
     D:3: 860 daAuts
     D:1: 845 daAuts
